 Dungeon Crawl Stone Soup version 0.20.0-9-g8272e65 (webtiles) character file.

70 Kosschaser the Skirmisher (level 4, 0/35 HPs)
             Began as a Demonspawn Fighter on June 3, 2017.
             Slain by a quokka (4 damage)
             ... on level 3 of the Dungeon.
             The game lasted 00:03:40 (1972 turns).

Kosschaser the Skirmisher (Demonspawn Fighter)      Turns: 1972, Time: 00:03:41

Health: 0/35       AC:  7    Str: 17    XL:     4   Next: 3%
Magic:  4/4        EV:  5    Int:  9    God:
Gold:   137        SH: 13    Dex: 13    Spells: 3/3 levels left

rFire    . . .     SeeInvis .   a - +0 long sword
rCold    . . .     Gourm    .   n - +0 large shield
rNeg     . . .     Faith    .   b - +0 scale mail
rPois    .         Spirit   .   (no helmet)
rElec    .         Reflect  .   (no cloak)
rCorr    .         Harm     .   k - +0 pair of gloves
MR       .....     Rnd*Tele +   (no boots)
Stlth    ++........             (no amulet)
Regen    0.2/turn               q - ring of wizardry
MPRegen  0.1/turn               w - ring of teleportation (curse)

@: no status effects
A: demonic guardian 1, nightstalker 2
a: no special abilities


You were on level 3 of the Dungeon.
You were hungry.

You visited 1 branch of the dungeon, and saw 3 of its levels.

You collected 137 gold pieces.

Inventory:

Hand Weapons
 a - a +0 long sword (weapon)
Armour
 b - a +0 scale mail (worn)
 c - a +0 shield
 k - a +0 pair of gloves (worn)
 n - a +0 large shield (worn)
Jewellery
 q - a ring of wizardry (left hand)
 w - a cursed ring of teleportation (right hand)
Wands
 x - a wand of confusion (29/48)
Scrolls
 e - 2 scrolls of amnesia
 m - a scroll of recharging
 o - a scroll of teleportation
 t - a scroll of enchant weapon {unknown}
 v - a scroll of fear {unknown}
Potions
 d - 2 potions of might
 h - 2 potions of flight {unknown}
 j - 2 potions of brilliance {unknown}
 l - a potion of degeneration {unknown}
 p - 2 potions of experience {unknown}
 s - a potion of ambrosia {unknown}
 u - 2 potions of invisibility {unknown}
Comestibles
 f - 2 bread rations
 i - 6 fruits
 r - 3 meat rations


   Skills:
 + Level 3.5 Fighting
 + Level 2.4 Long Blades
 + Level 2.9 Armour
 + Level 0.8 Dodging
 + Level 3.3 Shields


You had 3 spell levels left.
You didn't know any spells.

Dungeon Overview and Level Annotations

Branches:
Dungeon (3/15)

Altars:
Ru


Innate Abilities, Weirdness & Mutations

A weak demonic guardian rushes to your aid.
You are significantly more attuned to the shadows.


Message History

* * * LOW HITPOINT WARNING * * *
You block the quokka's attack.
The giant cockroach waves its antennae.
The giant cockroach bites you.
* * * LOW HITPOINT WARNING * * *
The kobold barely misses you.
You riposte.
You miss the kobold.
The kobold is moderately wounded.
You block the giant cockroach's attack.
The quokka bites you but does no damage.
You block the rat's attack.
The giant cockroach bites you but does no damage.
You block the rat's attack. The kobold hits you but does no damage.
The giant cockroach bites you but does no damage.
The quokka barely misses you.
You riposte.
Your shield and scale mail prevent you from hitting the quokka.
You block the giant cockroach's attack. The rat bites you but does no damage.
You block the rat's attack. The kobold hits you but does no damage.
The giant cockroach bites you but does no damage.
The quokka bites you.
You die...

.......#.........
......#......... ....
......#......... .....
.....+.........
.....####...########..
...)..........#######.
.....(............# #.
....r.r...........###.
....K@r...............
##).ss)...............
#....................
......................
......................
..................###.
########.....# #.
#...........# #.
#.........#####.


You could see a quokka, 2 giant cockroaches, a kobold and 2 rats.

Vanquished Creatures
  2 adders
  A worm (D:3)
  A dart slug (D:3)
  2 leopard geckos (D:3)
  2 orcs (D:3)
  3 giant cockroaches
  5 goblins
  5 hobgoblins
  A quokka (D:3)
  4 ball pythons
  5 bats
  2 frilled lizards (D:2)
  4 kobolds
  4 rats
41 creatures vanquished.

Notes
Turn   | Place    | Note
-------+----------+-------------------------------------------
     0 | D:1      | Kosschaser the Demonspawn Fighter began the quest for the Orb.
     0 | D:1      | Reached XP level 1. HP: 18/18 MP: 1/1
   279 | D:1      | Gained mutation: A weak demonic guardian rushes to your aid. [demonic ancestry]
   279 | D:1      | Reached XP level 2. HP: 20/24 MP: 2/2
   782 | D:2      | Found a sacrificial altar of Ru.
  1136 | D:2      | Gained mutation: You are slightly more attuned to the shadows. [demonic ancestry]
  1136 | D:2      | Reached XP level 3. HP: 29/29 MP: 3/3
  1930 | D:3      | Gained mutation: You are significantly more attuned to the shadows. [demonic ancestry]
  1930 | D:3      | Reached XP level 4. HP: 35/35 MP: 4/4
  1972 | D:3      | Slain by a quokka

Skill      XL: |  1  2 |
---------------+-------+-----
Long Blades    | 2 |  2.4
Shields        | 3 |  3.3
Fighting       | |  3.5
Armour         | |  2.9
Dodging        | |  0.8

Action                   |  1- 3 |  4- 6 || total
-------------------------+-------+-------++-------
Melee: Long sword        |   145 |     5 ||   150
  Use: Scroll            |     3 |       ||     3
 Stab: Paralysed         |     1 |       ||     1
  Eat: Chunk             |     3 |       ||     3
Armor: Scale mail        |    68 |    90 ||   158
Dodge: Dodged            |    33 |    27 ||    60
Block: Shield            |    13 |       ||    13
       Large shield      |   113 |    85 ||   198
       Rpst.: Long sword |     9 |    10 ||    19
